 Dungeon Crawl Stone Soup version 0.29-a0-330-g52719c12eb (webtiles) character file.

Game seed: 13640055858475019174

17573 Lazarus1551 the Ogre Mage (level 12, -4/122 HPs)
             Began as an Ogre Cinder Acolyte on May 13, 2022.
             Was an Initiate of Ignis.
             Killed by divine providence
             ... invoked by a meliai
              (14 damage)
             ... on level 12 of the Dungeon.
             The game lasted 00:41:58 (18728 turns).

Lazarus1551 the Ogre Mage (Ogre Cinder Acolyte)    Turns: 18728, Time: 00:41:58

Health: -4/122     AC: 23    Str: 33    XL:     12   Next: 49%
Magic:  27/27      EV:  8    Int: 15    God:    Ignis [......]
Gold:   656        SH:  5    Dex:  4    Spells: 29/34 levels left

rFire   + + +      SeeInvis .   C - +3 battleaxe (vorpal)
rCold   . . .      Faith    .   (shield currently unavailable)
rNeg    . . .      Spirit   .   f - +2 fire dragon scales
rPois   .          Reflect  +   (helmet currently unavailable)
rElec   .          Harm     .   (no cloak)
rCorr   .          Rampage  .   (gloves unavailable)
Will    +....                   (boots unavailable)
Stlth   ..........              c - amulet "Zeets" {Reflect Slay+3 SH+5}
HPRegen 0.30/turn               o - +4 ring of protection
MPRegen 0.20/turn               r - +6 ring of strength

@: appendages, fiery-armoured
A: horns 2, talons 2, large, unfitting armour, tough skin 1, cold resistance 1,
strong 1
a: End Transformation, Renounce Religion, Rising Flame


You were on level 12 of the Dungeon.
You worshipped Ignis.
Ignis was noncommittal.
You had temporarily grown beastly horns and talons.
You visited 1 branch of the dungeon, and saw 13 of its levels.
You also visited: Bailey.

You collected 656 gold pieces.

Inventory:

Hand Weapons
 a - a -1 hand axe of flaming
 C - a +3 vorpal battleaxe (weapon)
 Q - a +0 giant spiked club
Missiles
 q - 19 boomerangs (quivered)
 I - a throwing net
 J - 2 curare-tipped darts
Armour
 b - a +0 robe
 f - +2 fire dragon scales (worn)
Magical Staves
 l - a staff of cold
Jewellery
 c - the amulet "Zeets" (around neck) {Reflect Slay+3 SH+5}
   (You acquired it in a bailey)

   [amulet of reflection]

   It reflects blocked missile attacks.
   Slay:      It affects your accuracy & damage with ranged weapons and melee
   (+3).
   SH:        It affects your SH (+5).
 h - a +4 ring of evasion
 i - a ring of magical power
 j - the brooch of Shielding {Spirit SH+8}
   (You acquired it in a bailey)

   [amulet of guardian spirit]

   It causes incoming damage to be divided between your reserves of health and
   magic.
   SH:        It affects your SH (+8).
 n - a ring of poison resistance
 o - a +4 ring of protection (left hand)
 r - a +6 ring of strength (right hand)
 t - a ring of protection from fire
 y - a ring of resist corrosion
 D - a +6 ring of intelligence
 N - a ring of ice
Wands
 H - a wand of flame (8)
 M - a wand of digging (6)
Scrolls
 d - 2 scrolls of noise
 e - 4 scrolls of teleportation
 g - a scroll of identify
 p - 3 scrolls of vulnerability
 s - 3 scrolls of holy word
 z - a scroll of brand weapon
 B - 2 scrolls of silence
 L - a scroll of fog
 O - a scroll of torment
 P - 2 scrolls of amnesia
 T - a scroll of enchant armour
 U - 3 scrolls of magic mapping
Potions
 k - 4 potions of degeneration
 m - a potion of cancellation
 u - a potion of mutation
 v - a potion of curing
 w - 4 potions of brilliance
 F - 2 potions of flight
 G - a potion of magic {unknown}
 R - 2 potions of attraction {unknown}
 S - 3 potions of might
 V - 2 potions of haste {unknown}
 W - a potion of lignification {unknown}


   Skills:
 + Level 8.3 Fighting
 + Level 8.9 Axes
 + Level 1.3 Throwing
 + Level 4.4 Armour
 + Level 6.2 Dodging
 + Level 2.7 Shields
 * Level 11.8 Spellcasting
 * Level 5.0 Transmutations
 - Level 8.2 Fire Magic
 - Level 0.1 Evocations


You had 29 spell levels left.
You knew the following spells:

 Your Spells              Type           Power      Damage    Failure   Level
a - Scorch                Fire           66%        2d8       1%          2
b - Beastly Appendage     Tmut           46%        N/A       2%          1
c - Wereblood             Tmut           23%        N/A       3%          2

Your spell library contained the following spells:

 Spells                   Type           Power      Damage    Failure   Level
 Passwall                 Tmut/Erth      13%        N/A       10%         2
 Sandblast                Erth           16%        2d6       17%         1
 Shock                    Conj/Air       32%        1d5       17%         1
 Spider Form              Tmut/Pois      16%        N/A       19%         3
 Corpse Rot               Necr/Air       16%        N/A       26%         2
 Ensorcelled Hibernation  Hex/Ice        16%        N/A       26%         2
 Poisonous Vapours        Pois/Air       16%        N/A       26%         2
 Call Canine Familiar     Summ           8%         N/A       45%         3
 Gell's Gravitas          Tloc           8%         N/A       45%         3
 Lesser Beckoning         Tloc           8%         N/A       45%         3
 Portal Projectile        Hex/Tloc       16%        N/A       45%         3
 Stone Arrow              Conj/Erth      16%        3d8       45%         3
 Summon Guardian Golem    Hex/Summ       8%         N/A       45%         3
 Swiftness                Air            8%         N/A       45%         3
 Teleport Other           Tloc           8%         N/A       45%         3
 Tukima's Dance           Hex            8%         N/A       45%         3
 Airstrike                Air            4%         N/A       86%         4
 Anguish                  Hex/Necr       4%         N/A       86%         4
 Fulminant Prism          Conj/Hex       4%         3d6       86%         4
 Iskenderun's Mystic Bla  Conj/Tloc      8%         2d4       86%         4
 Leda's Liquefaction      Hex/Erth       4%         N/A       86%         4
 Passage of Golubria      Tloc           8%         N/A       86%         4
 Yara's Violent Unravell  Hex/Tmut       8%         3d5       86%         5
 Lee's Rapid Deconstruct  Erth           4%         3d6*      99%         5
 Dispersal                Tloc           4%         N/A       100%        6
 Statue Form              Tmut/Erth      10%        N/A       100%        6
 Orb of Destruction       Conj           4%         9d5       100%        7
 Spellforged Servitor     Conj/Summ      4%         N/A       100%        7


Dungeon Overview and Level Annotations

Branches:
Dungeon (13/15)            Temple (0/1) D:4            Lair (0/6) D:10
    Orc (0/2) D:11         Vaults (0/5) D:13         Bailey (visited)

Altars:
Elyvilon
Fedhas
Gozag
Hepliaklqana
Makhleb
Okawaru
Ru
Uskayaw
Xom
Yredelemnul
The Shining One
Beogh

Shops:
D:7 :   D:11 ?

Annotations:
D:7 2 transporters, night's ghost, novice DrHu
D:8 4 runed translucent doors
D:13 Nessos; Rupert


Innate Abilities, Weirdness & Mutations

You have temporarily grown beastly horns and talons.
You are too large for most types of armour.
You have tough skin. (AC +1)
Your flesh is cold resistant. (rC+)
Your muscles are strong. (Str +2)


Message History

The meliai hits you but does no damage. You block the meliai's attack.
The meliai barely misses you. You block the meliai's attack.
The meliai hits you but does no damage. The meliai closely misses you.
You feel much better.
The meliai invokes the aid of its god against you.
Something smites you!
* * * LOW HITPOINT WARNING * * *
The meliai barely misses you.
The meliai stings you but does no damage.
You block the meliai's attack. The meliai closely misses you.
The meliai hits you with a +0 hand axe.
* * * LOW HITPOINT WARNING * * *
The meliai stings you but does no damage.
Unknown command.
A protective cloak of flame settles atop you.
You can no longer armour yourself in flame.
You can no longer call a swarm of foxfires against your foes.
The meliai completely misses you.
The meliai stings you but does no damage.
The meliai is burned by your cloak of flames.
You kill the meliai!
The meliai hits you but does no damage.
The meliai is burned by your cloak of flames.
The meliai is moderately wounded.
You block the meliai's attack. The meliai hits you with a +0 hand axe.
* * * LOW HITPOINT WARNING * * *
The meliai is burned by your cloak of flames.
The meliai is moderately wounded.
The meliai barely misses you.
Your Transmutations skill increases to level 5!
You feel better. The meliai hits you with a +0 hand axe.
* * * LOW HITPOINT WARNING * * *
The meliai is burned by your cloak of flames.
The meliai is moderately wounded.
The meliai stings you but does no damage.
The meliai is burned by your cloak of flames.
The meliai is heavily wounded.
The meliai mumbles some strange prayers to its god against you.
Something smites you!
You die...

###### #..... ######### #.....
........# ### #..... ........#
#.# #..... ........# #)#######
#..### #'###...########@......#
#..#
....+............y.....#####..#
....#.........................#
....#........########.........#
....#........#......#.........#
#####........#......#.........#
.............#......#.........#
.............#......'.........#
.............########.........#


You could see a meliai.

Vanquished Creatures
  Harold (D:9)
  2 boulder beetles
  Erica (D:9)
  4 two-headed ogres
  A necromancer (D:11)
  2 manticores (D:12)
  A cyclops (D:11)
  3 gargoyles
  An unseen horror (D:12)
  A komodo dragon (D:10)
  3 trolls
  A meliai (D:12)
  Sigmund (D:5)
  2 shadows (D:11)
  13 yaks
  2 wyverns (D:9)
  2 vampire mosquitoes (D:12)
  A basilisk (D:12)
  Menkaure (D:4)
  4 wargs (D:11)
  A water moccasin (D:8)
  Duvessa (D:6)
  5 acid dragons
  4 black bears
  6 orc warriors
  5 centaurs
  4 bullfrogs
  3 kobold brigands
  2 scorpions
  4 wights (D:8)
  Dowan (D:6)
  13 killer bees
  6 electric eels (D:10)
  A hound (D:6)
  17 orc priests
  2 gnoll shamans
  4 jellies
  3 iguanas (D:6)
  Natasha (thrice) (D:2)
  16 orc wizards
  A polar bear simulacrum (D:11)
  5 yak simulacra (D:11)
  A wolf simulacrum (D:11)
  14 gnolls
  9 adders
  A river rat (D:3)
  A shadow imp (D:6)
  2 white imps
  2 worms (D:2)
  2 dart slugs
  54 orcs
  2 endoplasms
  4 giant cockroaches
  9 goblins
  6 hobgoblins
  3 jackals (D:3)
  19 kobolds
  7 quokkas
  8 ball pythons
  5 bats
  5 frilled lizards
  7 rats
  4 river rat simulacra (D:11)
319 creatures vanquished.

Vanquished Creatures (others)
  30 foxfires
  5 plants
35 creatures vanquished.

Grand Total: 354 creatures vanquished

Notes
Turn   | Place    | Note
-------+----------+-------------------------------------------
     0 | D:1      | Lazarus1551 the Ogre Cinder Acolyte began the quest for the
                  | Orb.
     0 | D:1      | Reached XP level 1. HP: 24/24 MP: 2/2
    21 | D:1      | Found a faded altar of an unknown god.
   281 | D:1      | Reached XP level 2. HP: 22/32 MP: 3/3
   284 | D:1      | Learned a level 2 spell: Scorch
  1058 | D:2      | Noticed Natasha
  1060 | D:2      | Noticed a crimson imp
  1063 | D:2      | Noticed a crimson imp
  1077 | D:2      | Killed Natasha
  1078 | D:2      | Reached XP level 3. HP: 17/40 MP: 1/5
  1201 | D:2      | Noticed Natasha
  1213 | D:2      | Killed Natasha
  1214 | D:2      | Reached XP level 4. HP: 31/49 MP: 4/6
  1351 | D:2      | Learned a level 1 spell: Beastly Appendage
  2009 | D:2      | Noticed Natasha
  2013 | D:2      | Killed Natasha
  2014 | D:2      | Reached skill level 1 in Dodging
  2014 | D:2      | Reached skill level 2 in Spellcasting
  2232 | D:2      | Reached XP level 5. HP: 54/55 MP: 8/8
  3141 | D:3      | Noticed a centaur
  3628 | D:3      | Reached skill level 3 in Spellcasting
  3655 | D:3      | Killed a centaur
  3656 | D:3      | Reached skill level 5 in Fighting
  3656 | D:3      | Reached XP level 6. HP: 35/66 MP: 6/11
  3843 | D:3      | Found a white marble altar of Elyvilon.
  3844 | D:3      | Found an opulent altar of Gozag.
  3844 | D:3      | Found a burning altar of Makhleb.
  3844 | D:3      | Found a basalt altar of Yredelemnul.
  3844 | D:3      | Found a hide-covered altar of Uskayaw.
  3844 | D:3      | Found a shimmering altar of Xom.
  3846 | D:3      | Found a hazy altar of Hepliaklqana.
  3847 | D:3      | Found a blossoming altar of Fedhas.
  3848 | D:3      | Found a glowing golden altar of the Shining One.
  3851 | D:3      | Found a sacrificial altar of Ru.
  3993 | D:4      | Found a staircase to the Ecumenical Temple.
  4034 | D:4      | Noticed a black bear
  4046 | D:4      | Killed a black bear
  4047 | D:4      | Reached skill level 4 in Spellcasting
  4047 | D:4      | Reached XP level 7. HP: 58/72 MP: 8/13
  4242 | D:4      | Noticed Menkaure
  4247 | D:4      | Killed Menkaure
  4248 | D:4      | Reached skill level 1 in Transmutations
  4341 | D:4      | Gained mutation: Your flesh is cold resistant. (rC+)
                  | [potion of mutation]
  4341 | D:4      | Gained mutation: Your muscles are strong. (Str +2) [potion
                  | of mutation]
  4953 | D:5      | Entered Level 5 of the Dungeon
  5455 | D:5      | Reached skill level 5 in Spellcasting
  5829 | D:5      | Reached XP level 8. HP: 80/80 MP: 6/16
  5922 | D:5      | Noticed Sigmund
  5969 | D:5      | Killed Sigmund
  6072 | D:5      | Reached skill level 6 in Spellcasting
  6426 | D:6      | Reached skill level 5 in Fire Magic
  6815 | D:6      | Learned a level 2 spell: Wereblood
  7105 | D:6      | Reached skill level 7 in Spellcasting
  7105 | D:6      | Reached XP level 9. HP: 86/89 MP: 11/19
  7543 | D:6      | Noticed Dowan
  7544 | D:6      | Noticed Duvessa
  7712 | D:6      | Killed Duvessa
  7723 | D:6      | Killed Dowan
  8820 | D:7      | Found Segoob's Book Shop.
  8927 | D:7      | Reached skill level 8 in Spellcasting
  9018 | D:7      | Identified 2 scrolls of acquirement
  9037 | D:7      | Found an iron altar of Okawaru.
  9101 | D:7      | Found a transporter.
  9101 | D:7      | Noticed night's ghost (novice DrHu)
  9107 | D:7      | Found a transporter.
  9169 | D:7      | Found a flagged portal.
  9194 | Bailey   | Entered a bailey
  9375 | Bailey   | Reached skill level 5 in Axes
  9426 | Bailey   | Acquired the brooch of Shielding {Spirit SH+8}
  9426 | Bailey   | Found the brooch of Shielding {Spirit SH+8}
  9433 | Bailey   | Acquired the amulet "Zeets" {Reflect Slay+3 SH+5}
  9588 | Bailey   | Noticed an orc knight
 10034 | Bailey   | Noticed an orc knight
 10829 | D:8      | Reached skill level 9 in Spellcasting
 10903 | D:8      | Reached XP level 10. HP: 96/98 MP: 18/23
 11113 | D:8      | Found a huge runed translucent gate.
 11113 | D:8      | Found a huge runed translucent gate.
 11113 | D:8      | Found a huge runed translucent gate.
 11113 | D:8      | Found a huge runed translucent gate.
 11114 | D:8      | Noticed a death yak
 11159 | D:8      | Reached skill level 5 in Dodging
 11793 | D:9      | Reached skill level 1 in Armour
 11913 | D:9      | Noticed Erica
 11937 | D:9      | Killed Erica
 12219 | D:9      | Noticed Harold
 12230 | D:9      | Killed Harold
 12231 | D:9      | Reached skill level 1 in Shields
 12319 | D:9      | Noticed a two-headed ogre
 12325 | D:9      | Killed a two-headed ogre
 12326 | D:9      | Reached skill level 10 in Spellcasting
 12326 | D:9      | Reached XP level 11. HP: 50/107 MP: 21/25
 13124 | D:10     | Entered Level 10 of the Dungeon
 13364 | D:10     | Found a staircase to the Lair.
 14351 | D:10     | You fall into a shaft and drop 1 floor!
 14351 | D:11     | Noticed a two-headed ogre
 14358 | D:11     | Killed a two-headed ogre
 14898 | D:11     | Found a staircase to the Orcish Mines.
 15166 | D:11     | Noticed a two-headed ogre
 15174 | D:11     | Killed a two-headed ogre
 15175 | D:11     | Reached skill level 11 in Spellcasting
 15650 | D:11     | Noticed a boulder beetle
 15657 | D:11     | Killed a boulder beetle
 15746 | D:11     | Found Mirume's Magic Scroll Shop.
 15747 | D:11     | Noticed a cyclops
 15757 | D:11     | Killed a cyclops
 16100 | D:11     | Noticed a necromancer
 16107 | D:11     | Killed a necromancer
 16158 | D:11     | Reached XP level 12. HP: 77/119 MP: 27/27
 16921 | D:13     | Noticed Rupert
 16921 | D:13     | Noticed Nessos
 16921 | D:13     | Found a gate to the Vaults.
 17984 | D:12     | Noticed a boulder beetle
 18104 | D:12     | Noticed a boulder beetle
 18155 | D:12     | Killed a boulder beetle
 18156 | D:12     | Reached skill level 1 in Throwing
 18229 | D:12     | Noticed a two-headed ogre
 18234 | D:12     | Killed a two-headed ogre
 18727 | D:12     | HP: 6/122 [meliai/+0 hand axe (6)]
 18728 | D:12     | Reached skill level 5 in Transmutations
 18728 | D:12     | Killed from afar by a meliai

Illustrated notes

Levels and vault maps discovered:
D:1:      dpeg_arrival_tiny_c, layout_basic, hellmonk_ecumenical_altar_lost_god
D:2:      layout_basic, uniq_natasha
D:3:      layout_loops_ring, minitemple, gup_sewer_entry_bowl
D:4:      layout_rooms, temple_statues, minivault_4, uniq_menkaure
D:5:      layout_basic, hangedman_abyss_or_decor_jellyfish_corner, uniq_sigmund
D:6:      layout_layer_cave, minmay_misc_feat_alley,
          minmay_a_box_with_orc_wizards_in_it, uniq_duvessa
D:7:      layout_basic, mainiacjoe_overflow_paths, serial_shops,
          nicolae_square_shop, enter_bailey_5, gammafunk_ghost_smash
D:8:      lemuel_bear_cage, layout_gridville
D:9:      layout_roguey, uniq_harold, uniq_erica
D:10:     layout_basic, david_lair_shrubbed
D:11:     layout_stronghold, minmay_orc_entry_guard_dogs, serial_shops, shop,
          eino_house_with_fridge
D:12:     layout_irregular_city, david_defended_altar_orc
D:13:     layout_layer_cave, david_vaults_3, hangedman_fish_farm, uniq_nessos,
          uniq_azrael, uniq_frances

Skill      XL: |  1  2  3  4  5  6  7  8  9 10 11 12 |
---------------+-------------------------------------+-----
Fire Magic     | 3 4 6 7 8 |  8.2
Dodging        | 1 2 3 4 5 6 |  6.2
Spellcasting   | 2 3 4 5 7 9 10 11 | 11.8
Fighting       | 5 6 7 8 |  8.3
Axes           | 4 5 6 8 |  8.9
Transmutations | 1 2 4 5 |  5.0
Armour         | 2 3 4 |  4.4
Shields        | 1 2 |  2.7
Throwing       | 1 |  1.3
Evocations     | |  0.1

Action                   |  1- 3 |  4- 6 |  7- 9 | 10-12 || total
-------------------------+-------+-------+-------+-------++-------
Melee: Hand axe          |    65 |    97 |   225 |    40 ||   427
       Punch             |     1 |       |     2 |     1 ||     4
       Kick              |       |     4 |    36 |    59 ||    99
       Headbutt          |       |     1 |    18 |    30 ||    49
       Battleaxe         |       |       |       |   249 ||   249
Throw: Boomerang         |       |     3 |    31 |    10 ||    44
 Cast: Scorch            |     4 |    39 |    91 |    17 ||   151
       Beastly Appendage |       |     7 |    33 |    31 ||    71
       Wereblood         |       |       |     3 |    20 ||    23
Invok: Fiery Armour      |       |       |     4 |     4 ||     8
       Foxfire Swarm     |       |       |     3 |       ||     3
Evoke: Wand              |       |       |     4 |     8 ||    12
  Use: Potion            |       |     2 |     8 |     6 ||    16
       Scroll            |       |       |    14 |     9 ||    23
 Stab: Paralysed         |       |       |       |     3 ||     3
Armor: Robe              |    11 |    54 |   117 |       ||   182
       Fire dragon scale |       |       |    17 |   240 ||   257
       Skin              |       |       |     3 |       ||     3
Dodge: Dodged            |    37 |    71 |   148 |   147 ||   403
Block: Other             |       |       |    10 |   109 ||   119
       Reflection        |       |       |       |     3 ||     3

Table legend: (Time is in decaauts)
 A = Elapsed time spent in this place.
 B = Non-inter-level travel time spent in this place.
 C = Inter-level travel time spent in this place.
 D = Time resting spent in this place.
 E = Time spent auto-exploring this place.
 F = Levels seen in this place.
 G = Mean time per level.
                   A        B        C        D        E       F      G
               +--------+--------+--------+--------+--------+-----+--------+
         Total |  18904 |  18485 |    419 |   2054 |  13065 |  14 | 1350.3 |
       Dungeon |  18041 |  17622 |    419 |   1730 |  12970 |  13 | 1387.8 |
        Bailey |    862 |    862 |      0 |    324 |     94 |   1 |  862.0 |
               +--------+--------+--------+--------+--------+-----+--------+

Top non-repeatable levels by time:
     D:6: 2362 daAuts
    D:12: 2216 daAuts
    D:11: 2194 daAuts
     D:2: 1856 daAuts
     D:5: 1491 daAuts
     D:9: 1417 daAuts
    D:10: 1244 daAuts
     D:7: 1164 daAuts
     D:3: 1072 daAuts
     D:1: 1063 daAuts
     D:4: 1008 daAuts
     D:8: 945 daAuts
  Bailey: 862 daAuts
    D:13: 4 daAuts
